 Dungeon Crawl Stone Soup version 0.29-a0-307-gecccbbdb84 (webtiles) character file.

Game seed: 4218541869300029903

7070 Ibis19 the Cleaver (level 10, -1/139 HPs)
             Began as a Minotaur Berserker on Mar 27, 2022.
             Was an Elder of Trog.
             Slain by a komodo dragon (8 damage)
             ... while petrified by a basilisk
             ... on level 1 of the Lair of Beasts.
             The game lasted 00:24:40 (10957 turns).

Ibis19 the Cleaver (Minotaur Berserker)            Turns: 10957, Time: 00:24:41

Health: -1/139     AC: 18    Str: 22    XL:     10   Next: 83%
Magic:  9/9        EV:  2    Int:  6    God:    Trog [****..]
Gold:   353        SH:  0    Dex: 26    Spells: 9/9 levels left

rFire   . . .      SeeInvis .   U - +0 broad axe
rCold   . . .      Faith    .   (no shield)
rNeg    + + +      Spirit   .   T - +5 ring mail of Urevvou {Will- Dex+8}
rPois   ∞          Reflect  +   (helmet restricted)
rElec   .          Harm     .   u - +0 cloak
rCorr   +          Rampage  .   l - +1 pair of gloves
Will    +....                   z - +1 pair of boots {Fly}
Stlth   ..........              k - amulet of reflection
HPRegen 1.33/turn               N - +6 ring of dexterity
MPRegen 0.11/turn               Y - ring of resist corrosion

@: berserking (expiring), petrified, strong-willed, flying, regenerating
A: horns 2, retaliatory headbutt
a: Renounce Religion, Berserk, Trog's Hand, Brothers in Arms


You were on level 1 of the Lair of Beasts.
You worshipped Trog.
Trog was greatly pleased with you.
You visited 2 branches of the dungeon, and saw 12 of its levels.

You collected 665 gold pieces.
You spent 312 gold pieces at shops.

Inventory:

Hand Weapons
 a - a +0 hand axe
 L - a +0 war axe
 U - a +0 broad axe (weapon)
Missiles
 d - 278 stones
 o - 2 throwing nets
 p - 59 poisoned darts (quivered)
 r - 6 javelins
Armour
 b - a +0 animal skin
 e - a +0 ring mail
 l - a +1 pair of gloves (worn)
 u - a +0 cloak (worn)
 z - a +1 pair of boots of flying (worn)
 D - a +0 scale mail
 H - the +1 ring mail "Moempul" {Str+2}
   (You found it on level 6 of the Dungeon)

   Str:       It affects your strength (+2).
 T - the +5 ring mail of Urevvou (worn) {Will- Dex+8}
   (You found it on level 9 of the Dungeon)

   Dex:       It affects your dexterity (+8).
   Will:      It decreases your willpower.
Jewellery
 f - a ring of positive energy
 k - an amulet of reflection (around neck)
 I - a ring of protection from cold
 K - an amulet of guardian spirit
 N - a +6 ring of dexterity (left hand)
 R - a ring of fire
 Y - a ring of resist corrosion (right hand)
 Z - an amulet of magic regeneration
Wands
 E - a wand of acid (10)
 F - a wand of iceblast (12)
 J - a wand of paralysis (3)
 O - a wand of charming (7)
Scrolls
 h - a scroll of fog
 m - 3 scrolls of enchant armour
 n - a scroll of brand weapon
 s - a scroll of vulnerability
 t - a scroll of immolation
 y - a scroll of blinking
 A - 3 scrolls of teleportation
 C - 2 scrolls of magic mapping
 M - a scroll of summoning
 P - a scroll of amnesia
Potions
 c - 3 potions of magic {unknown}
 g - 4 potions of heal wounds
 i - 3 potions of cancellation {unknown}
 j - a potion of berserk rage {unknown}
 q - 4 potions of degeneration {unknown}
 v - 2 potions of lignification {unknown}
 w - 3 potions of might {unknown}
 x - a potion of flight {unknown}
 B - 5 potions of curing
 G - 2 potions of brilliance {unknown}
 Q - a potion of ambrosia {unknown}
 V - 3 potions of attraction {unknown}
 W - a potion of resistance {unknown}
 X - a potion of mutation
Miscellaneous
 S - a condenser vane


   Skills:
 + Level 10.2 Fighting
 + Level 10.2 Axes
 + Level 9.8 Armour
 + Level 9.0 Dodging
 + Level 4.7 Evocations


You had 9 spell levels left.
You didn't know any spells.
Your spell library was empty.

Dungeon Overview and Level Annotations

Branches:
Dungeon (11/15)            Temple (0/1) D:5            Lair (1/6) D:9
    Orc: D:9-12

Altars:
Trog

Shops:
D:4 :!   D:9 (

Annotations:
D:10 Lodul
D:11 Sonja


Innate Abilities, Weirdness & Mutations

You have a pair of horns on your head.
You reflexively headbutt those who attack you in melee.


Message History

You turn to flesh and can move again.
Unknown command.
Your skin crawls.
You feel strong-willed. You block the komodo dragon's attack.
The basilisk gazes at you.
You are slowing down.
Unknown command.
A red film seems to cover your vision as you go berserk!
You feel yourself moving faster!
You feel mighty! The komodo dragon bites you!
* * * LOW HITPOINT WARNING * * *
The basilisk bites you.
* * * LOW HITPOINT WARNING * * *
The komodo dragon bites you.
Your limbs are stiffening.
You hit the basilisk.
The basilisk is heavily wounded.
You hit the komodo dragon but do no damage.
The basilisk gazes at you.
Your limbs have turned to stone.
The komodo dragon bites you but does no damage.
You have turned to stone.
The basilisk bites you but does no damage.
The komodo dragon barely misses you. The basilisk gazes at you.
You resist with almost no effort. The komodo dragon bites you!
* * * LOW HITPOINT WARNING * * *
The basilisk gazes at you. You resist with almost no effort.
The komodo dragon bites you!!
* * * LOW HITPOINT WARNING * * *
The basilisk bites you.
* * * LOW HITPOINT WARNING * * *
The komodo dragon bites you but does no damage.
The basilisk bites you but does no damage.
The komodo dragon bites you!
* * * LOW HITPOINT WARNING * * *
The basilisk gazes at you. You resist with almost no effort.
The komodo dragon barely misses you.
The basilisk bites you but does no damage.
The komodo dragon bites you!
You die...

..................
.......
......###.........
.......
⌠..#####.......... .
.......
.........#........
.. .......
....................
.......
⌠..⌠...#...#..+.#
.......
.......+..####.##
.......
.......#........##
.###.##
..#####...l@l....#
#. # .. ###.......##
#. # #.........# # #
....#.......# #
....###..##### ..
....
#.#.#####...#######
...
............P.#.###
..
...................
................


You could see a komodo dragon and a basilisk.

Vanquished Creatures
  A gargoyle (D:10)
  3 cane toads (Lair:1)
  3 komodo dragons
  2 trolls
  A polar bear (Lair:1)
  Prince Ribbit (D:6)
  A wyvern (D:5)
  4 yaks (D:9)
  A steam dragon (D:8)
  2 wargs (D:9)
  6 water moccasins
  A sky beast (D:8)
  3 ice beasts
  3 black bears
  3 orc warriors
  An ogre (D:6)
  A centaur (D:10)
  The ghost of robertstho the Firebug, an amateur DEFE (D:3)
  4 bullfrogs
  Blork the orc (D:5)
  2 gnoll sergeants
  4 kobold brigands
  A scorpion (D:5)
  2 howler monkeys
  3 orc priests
  2 iguanas
  Jessica (D:2)
  8 orc wizards
  Robin (D:3)
  11 gnolls
  7 adders
  2 shadow imps
  A white imp (D:8)
  3 worms
  18 orcs
  6 ball pythons
  2 bats
  6 endoplasms
  5 giant cockroaches
  17 goblins
  9 hobgoblins
  4 jackals (D:3)
  3 frilled lizards
  28 kobolds
  10 rats
199 creatures vanquished.

Notes
Turn   | Place    | Note
-------+----------+-------------------------------------------
     0 | D:1      | Ibis19 the Minotaur Berserker began the quest for the Orb.
     0 | D:1      | Reached XP level 1. HP: 19/19 MP: 0/0
    99 | D:2      | Noticed Jessica
   247 | D:1      | Reached XP level 2. HP: 27/27 MP: 1/1
   807 | D:2      | Killed Jessica
   808 | D:2      | Reached XP level 3. HP: 33/33 MP: 2/2
  1198 | D:2      | Found a faded altar of an unknown god.
  1210 | D:2      | Reached ** piety under Trog
  1211 | D:2      | Reached XP level 4. HP: 26/40 MP: 3/3
  1682 | D:3      | Found a runed translucent door.
  1965 | D:3      | Noticed Robin
  1979 | D:3      | Killed Robin
  1980 | D:3      | Reached XP level 5. HP: 31/47 MP: 4/4
  2909 | D:3      | Noticed robertstho's ghost (amateur DEFE)
  2920 | D:3      | Killed robertstho's ghost
  2921 | D:3      | Reached skill level 5 in Fighting
  2921 | D:3      | Reached skill level 5 in Axes
  3033 | D:4      | Reached XP level 6. HP: 49/56 MP: 5/5
  3054 | D:4      | Reached *** piety under Trog
  3354 | D:5      | Entered Level 5 of the Dungeon
  3420 | D:4      | Found Isku's Book Boutique.
  3547 | D:4      | Found Yghas's Distillery.
  3575 | D:4      | Bought a potion of heal wounds for 65 gold pieces
  3575 | D:4      | Bought a potion of heal wounds for 65 gold pieces
  3575 | D:4      | Bought a potion of curing for 39 gold pieces
  3575 | D:4      | Bought a potion of curing for 39 gold pieces
  3718 | D:5      | Found a staircase to the Ecumenical Temple.
  4256 | D:5      | Reached skill level 5 in Armour
  4256 | D:5      | Reached XP level 7. HP: 60/62 MP: 6/6
  4274 | D:5      | Found a bloodstained altar of Trog.
  4342 | D:5      | Noticed a wyvern
  4355 | D:5      | Killed a wyvern
  4496 | D:5      | Reached skill level 5 in Dodging
  4843 | D:5      | Noticed Blork the orc
  4852 | D:5      | Killed Blork the orc
  5024 | D:6      | Reached XP level 8. HP: 71/71 MP: 7/7
  5335 | D:6      | Identified the +1 ring mail "Moempul" {Str+2}
  5500 | D:6      | Noticed Prince Ribbit
  5525 | D:6      | Killed Prince Ribbit
  6034 | D:6      | Identified the +5 short sword of Doatoy {holy, Str+5}
  6233 | D:6      | Identified the +6 quarterstaff "Hin Myc" {spect, rElec
                  | rPois rC+ Dex+4}
  6820 | D:8      | You are sucked into a shaft and drop 1 floor!
  6820 | D:9      | Noticed a komodo dragon
  6833 | D:9      | Killed a komodo dragon
  6893 | D:10     | Entered Level 10 of the Dungeon
  6971 | D:8      | Reached XP level 9. HP: 68/81 MP: 8/8
  7090 | D:8      | Reached **** piety under Trog
  7091 | D:8      | Reached skill level 1 in Evocations
  8404 | D:9      | Found a staircase to the Lair.
  8432 | D:9      | Noticed a troll
  8443 | D:9      | Killed a troll
  8449 | D:9      | Reached XP level 10. HP: 65/91 MP: 9/9
  8670 | D:9      | Identified the +5 ring mail of Urevvou {Will- Dex+8}
  9112 | D:9      | Found Gezoon Diwa's Antique Weapon Shoppe.
  9368 | D:4      | Bought a potion of mutation for 104 gold pieces
  9590 | D:10     | Noticed a gargoyle
  9601 | D:10     | Killed a gargoyle
  9758 | D:11     | Noticed Sonja
  9968 | D:10     | Noticed a two-headed ogre
  9972 | D:10     | Noticed Lodul
  9972 | D:10     | Noticed a two-headed ogre
  9972 | D:10     | Noticed a two-headed ogre
  9973 | D:10     | Noticed a two-headed ogre
 10356 | Lair:1   | Entered Level 1 of the Lair of Beasts
 10356 | Lair:1   | Noticed a cane toad
 10361 | Lair:1   | Killed a cane toad
 10533 | Lair:1   | Noticed a cane toad
 10542 | Lair:1   | Killed a cane toad
 10628 | Lair:1   | Noticed a cane toad
 10637 | Lair:1   | Killed a cane toad
 10638 | Lair:1   | Reached skill level 10 in Fighting
 10638 | Lair:1   | Reached skill level 10 in Axes
 10955 | Lair:1   | HP: 4/139 [komodo dragon (7)]
 10957 | Lair:1   | Slain by a komodo dragon

Illustrated notes

Levels and vault maps discovered:
D:1:      dpeg_arrival_castle, layout_loops_ring
D:2:      layout_rooms, dreamdust_ecumenical_altar_statues, uniq_jessica
D:3:      layout_basic, ebering_ghost_reflecting_pool, uniq_robin
D:4:      layout_loops_ring, serial_shops, nicolae_lakefront_shop,
          nicolae_shop_waterfront, serial_park_tiny_1, kennysheep_pointless_box,
          chequers_serial_rivers_micro_b, amcnicky_mini_corridor_feature
D:5:      layout_cave_pools, lemuel_tele_altar, minmay_temple_entry_junction_2,
          uniq_blork_the_orc
D:6:      layout_layer_cave, uniq_prince_ribbit1
D:7:      layout_loops_ring, enter_bailey_3
D:8:      layout_gridville
D:9:      layout_stronghold, erik_lair_orcish_takeover, serial_shops, shop
D:10:     layout_loops_ring, serial_glass, glass_columns_c, glass_columns_b,
          glass_columns_a, glass_columns_b, glass_columns_c, glass_columns_a,
          minmay_strange_pillars, feat_on_display, item_on_display_a, uniq_lodul
D:11:     lemuel_troll_bridge, layout_cave_pods, gammafunk_ghost_grave,
          uniq_sonja, uniq_psyche
Lair:1:   layout_regular_city, grunt_megastairs_3

Skill      XL: |  1  2  3  4  5  6  7  8  9 10 |
---------------+-------------------------------+-----
Fighting       | 4 5 6 8 9 10 | 10.2
Axes           | 4 5 6 7 9 10 | 10.2
Armour         | 3 4 5 6 7 8 9 |  9.8
Dodging        | 3 4 5 6 7 9 |  9.0
Evocations     | 3 4 |  4.7

Action                   |  1- 3 |  4- 6 |  7- 9 | 10-12 || total
-------------------------+-------+-------+-------+-------++-------
Melee: Hand axe          |    40 |   148 |   159 |       ||   347
       Punch             |     1 |     1 |     3 |       ||     5
       Headbutt          |     4 |    20 |    40 |    31 ||    95
       War axe           |       |       |    76 |     6 ||    82
       Broad axe         |       |       |       |   102 ||   102
Throw: Stone             |    34 |    15 |       |       ||    49
       Dart              |       |    19 |    33 |     5 ||    57
Invok: Berserk           |     1 |     2 |     5 |     1 ||     9
       Trog's Hand       |       |       |       |     2 ||     2
  Use: Scroll            |       |     5 |     4 |     2 ||    11
 Stab: Sleeping          |       |       |       |     1 ||     1
Armor: Ring mail         |    16 |    50 |    87 |    59 ||   212
       Scale mail        |       |       |    19 |       ||    19
Dodge: Dodged            |    23 |    93 |   133 |   125 ||   374
Block: Other             |       |     1 |    44 |    37 ||    82
       Reflection        |       |       |     2 |     7 ||     9

Table legend: (Time is in decaauts)
 A = Elapsed time spent in this place.
 B = Non-inter-level travel time spent in this place.
 C = Inter-level travel time spent in this place.
 D = Time resting spent in this place.
 E = Time spent auto-exploring this place.
 F = Levels seen in this place.
 G = Mean time per level.
                   A        B        C        D        E       F      G
               +--------+--------+--------+--------+--------+-----+--------+
         Total |  11097 |  10572 |    525 |   2642 |   4879 |  12 |  924.8 |
       Dungeon |  10490 |   9965 |    525 |   2378 |   4746 |  11 |  953.6 |
          Lair |    607 |    607 |      0 |    264 |    133 |   1 |  607.0 |
               +--------+--------+--------+--------+--------+-----+--------+

Top non-repeatable levels by time:
     D:6: 1486 daAuts
     D:8: 1441 daAuts
     D:9: 1406 daAuts
     D:3: 1364 daAuts
     D:4: 1165 daAuts
     D:1: 968 daAuts
     D:5: 878 daAuts
     D:2: 666 daAuts
  Lair:1: 607 daAuts
     D:7: 564 daAuts
    D:10: 541 daAuts
    D:11: 6 daAuts
